 Dungeon Crawl Stone Soup version 0.23.2-33-g5129a83 (webtiles) character file.

Game seed: 8074448713526564411

3980 suicidejoker the Fighter (level 10, -7/86 HPs)
             Began as a Demonspawn Fighter on Aug 9, 2019.
             Was an Initiate of Gozag.
             Mangled by a two-headed ogre
             ... wielding a +0 giant club
              (14 damage)
             ... on level 8 of the Dungeon.
             The game lasted 00:25:01 (7894 turns).

suicidejoker the Fighter (Demonspawn Fighter)       Turns: 7894, Time: 00:25:02

Health: -7/86      AC: 16    Str: 17    XL:     10   Next: 2%
Magic:  10/10      EV:  5    Int:  9    God:    Gozag
Gold:   459        SH:  9    Dex: 16    Spells: 9/9 levels left

rFire    . . .     SeeInvis +   a - +4 short sword
rCold    + . .     Gourm    .   c - +0 shield
rNeg     . . .     Faith    .   v - +0 plate armour
rPois    .         Spirit   .   (helmet unavailable)
rElec    .         Reflect  .   m - +2 cloak
rCorr    .         Harm     .   p - +0 pair of gloves
MR       .....                  A - +0 pair of boots
Stlth    ..........             i - amulet of magic regeneration
HPRegen  0.24/turn              z - ring of stealth
MPRegen  0.37/turn              x - ring of see invisible

@: no status effects
A: horns 3, cold resistance 1, demonic guardian 1
a: Potion Petition, Call Merchant, Bribe Branch, Renounce Religion


You were on level 8 of the Dungeon.
You worshipped Gozag.
Gozag was aware of your devotion.
You were not hungry.

You visited 2 branches of the dungeon, and saw 9 of its levels.

You collected 592 gold pieces.
You paid 133 gold pieces to Gozag.

Inventory:

Hand Weapons
 a - a +4 short sword (weapon)
 b - a +1 shortbow of flaming
 D - a +1 whip of electrocution
 E - a +3 falchion
Missiles
 l - 7 tomahawks (quivered)
 C - 89 arrows
Armour
 c - a +0 shield (worn)
 m - a +2 cloak (worn)
 p - a +0 pair of gloves (worn)
 v - a +0 plate armour (worn)
 A - a +0 pair of boots (worn)
Jewellery
 i - an amulet of magic regeneration (around neck)
 x - a ring of see invisible (right hand)
 z - a ring of stealth (left hand)
Scrolls
 o - 3 scrolls of remove curse
 q - 2 scrolls of noise
 r - 2 scrolls of blinking {unknown}
 t - 4 scrolls of enchant weapon {unknown}
 u - 7 scrolls of teleportation {unknown}
 w - a scroll of immolation {unknown}
 y - a scroll of amnesia {unknown}
 F - 2 scrolls of fear {unknown}
 G - a scroll of random uselessness {unknown}
 H - a scroll of identify
Potions
 e - 2 potions of magic
 j - a potion of curing
 n - 2 potions of flight
 s - a potion of lignification
Comestibles
 f - 13 rations


   Skills:
 * Level 10.6 Fighting
 - Level 1.7 Long Blades
 - Level 2.6 Armour
 + Level 6.5 Dodging
 + Level 7.1 Stealth
 - Level 2.6 Shields


You had 9 spell levels left.
You didn't know any spells.
Your spell library contained the following spells:

 Spells                   Type           Power        Failure   Level  Hunger
 Beastly Appendage        Tmut           #.....       100%        1    ##.....
 Magic Dart               Conj           #...         100%        1    ##.....
 Searing Ray              Conj           #.....       100%        2    ###....
 Sticks to Snakes         Tmut           #.......     100%        2    ###....
 Dazzling Spray           Conj/Hex       #.....       100%        3    ####...
 Spider Form              Tmut/Pois      #.........   100%        3    ####...
 Force Lance              Conj/Tloc      #.......     100%        4    #####..
 Fulminant Prism          Conj/Hex       #.........   100%        4    #####..
 Ice Form                 Ice/Tmut       #.......     100%        4    #####..
 Iskenderun's Mystic Bla  Conj           #.......     100%        4    #####..
 Blade Hands              Tmut           #.........   100%        5    ######.


Dungeon Overview and Level Annotations

Branches:
Dungeon (8/15)             Temple (1/1) D:7
   Lair: D:8-11

Altars:
Ashenzari
Cheibriados
Dithmenos
Elyvilon
Fedhas
Gozag
Hepliaklqana
Kikubaaqudgha
Makhleb
Nemelex Xobeh
Okawaru
Qazlal
Sif Muna
Trog
Uskayaw
Yredelemnul
The Shining One


Innate Abilities, Weirdness & Mutations

You have a pair of large horns on your head.
Your flesh is cold resistant. (rC+)
A weak demonic guardian rushes to your aid.


Message History

* * * LOW HITPOINT WARNING * * *
You hit the two-headed ogre but do no damage.
The two-headed ogre is severely wounded.
The two-headed ogre hits you but does no damage.
You block the two-headed ogre's attack.
You completely miss the two-headed ogre.
The two-headed ogre is severely wounded.
You block the two-headed ogre's attack.
The two-headed ogre hits you but does no damage.
You hit the two-headed ogre.
The two-headed ogre is severely wounded.
The two-headed ogre hits you with a +0 giant club.
* * * LOW HITPOINT WARNING * * *
You block the two-headed ogre's attack.
You completely miss the two-headed ogre.
You headbutt the two-headed ogre, but do no damage.
The two-headed ogre is severely wounded.
The two-headed ogre hits you with a +0 giant club!
You die...
Your body crumbles into a pile of gold.

**#.# #..,,+...........# #.#
#.# #.#**#...........#######o#
#.###.#########.######.....#Z#
#.........# #.# ####.###.#O#
####..##.#.#.#####.#
#.Z......#.#
...........#.......#
#O##.#####.#
.####....#.#########
#.##.OZ.Z..# .#
#.####.###########.##########
.# #.# #....(..@OZo........#
.####.# ##############......#
......# ######## #######


You could see a two-headed ogre, an orc and a bullfrog zombie.

Vanquished Creatures
  A two-headed ogre (D:8)
  Pikel (D:7)
  An ugly thing (D:8)
  A human (D:7)
  3 hogs (D:7)
  An orc warrior (D:6)
  A sky beast (D:7)
  An ogre (D:6)
  2 centaurs
  2 bullfrogs
  Dowan (D:6)
  2 jellies
  6 killer bees
  4 howler monkeys
  2 crimson imps
  2 bullfrog zombies
  4 orc priests (D:6)
  2 hounds
  A centaur skeleton (D:5)
  3 orc wizards
  5 worker ants
  A hound skeleton (D:6)
  12 adders
  3 oozes
  An adder skeleton (D:7)
  5 worms
  2 dart slugs (D:4)
  8 leopard geckos
  15 orcs
  7 bats
  5 giant cockroaches
  7 goblins
  6 hobgoblins
  15 jackals
  6 quokkas
  A ball python (D:3)
  6 frilled lizards
  A jackal zombie (D:5)
  3 kobolds
  7 rats
157 creatures vanquished.

Vanquished Creatures (collateral kills)
  A yak (D:7)
  Duvessa (D:6)
  A bullfrog (D:6)
  A killer bee (D:8)
  A crimson imp (D:6)
  A hound (D:8)
  An orc priest (D:6)
  A jelly (D:6)
  An orc wizard (D:6)
  2 orcs
11 creatures vanquished.

Vanquished Creatures (others)
  A black bear (D:7)
  An ogre (D:7)
2 creatures vanquished.

Grand Total: 170 creatures vanquished

Notes
Turn   | Place    | Note
-------+----------+-------------------------------------------
     0 | D:1      | suicidejoker the Demonspawn Fighter began the quest for the
                  | Orb.
     0 | D:1      | Reached XP level 1. HP: 18/18 MP: 1/1
    91 | D:1      | Gained mutation: You have a pair of small horns on your
                  | head. [demonic ancestry]
    91 | D:1      | Reached XP level 2. HP: 16/24 MP: 2/2
   415 | D:2      | Reached skill level 1 in Stealth
   458 | D:2      | Reached skill level 1 in Dodging
   475 | D:2      | Gained mutation: You have a pair of horns on your head.
                  | [demonic ancestry]
   475 | D:2      | Reached XP level 3. HP: 30/30 MP: 3/3
   756 | D:2      | Reached skill level 4 in Fighting
  1008 | D:2      | Reached XP level 4. HP: 30/37 MP: 4/4
  1476 | D:3      | Found a faded altar of an unknown god.
  1617 | D:3      | Gained mutation: A weak demonic guardian rushes to your
                  | aid. [demonic ancestry]
  1617 | D:3      | Reached XP level 5. HP: 39/43 MP: 5/5
  2026 | D:3      | Found a stormy altar of Qazlal.
  2549 | D:4      | Reached skill level 5 in Fighting
  2671 | D:4      | Found a stormy altar of Qazlal.
  2683 | D:4      | Found a deep blue altar of Sif Muna.
  2744 | D:4      | Found a glowing golden altar of the Shining One.
  2765 | D:4      | Gained mutation: Your flesh is cold resistant. (rC+)
                  | [demonic ancestry]
  2765 | D:4      | Reached XP level 6. HP: 43/51 MP: 6/6
  2868 | D:4      | Found a hazy altar of Hepliaklqana.
  2868 | D:4      | Found a burning altar of Makhleb.
  2913 | D:4      | Found a shattered altar of Ashenzari.
  2944 | D:5      | Entered Level 5 of the Dungeon
  3764 | D:5      | Reached skill level 6 in Fighting
  3818 | D:5      | Reached XP level 7. HP: 56/58 MP: 7/7
  4514 | D:6      | Found a basalt altar of Yredelemnul.
  4532 | D:6      | Reached skill level 7 in Fighting
  4625 | D:6      | Reached XP level 8. HP: 17/67 MP: 8/8
  4972 | D:6      | Noticed Duvessa
  4976 | D:6      | Noticed Dowan
  4981 | D:6      | Killed Duvessa
  5012 | D:6      | Killed Dowan
  5279 | D:7      | Reached skill level 8 in Fighting
  5317 | D:7      | Got a jewelled large shield
  5328 | D:7      | Identified the cursed +0 large shield "Jiushrin" {rF- Int+9
                  | Dex-3} (You found it on level 7 of the Dungeon)
  5410 | D:7      | Reached skill level 5 in Stealth
  5650 | D:7      | Noticed Pikel
  5681 | D:7      | Killed Pikel
  5681 | D:7      | Reached skill level 5 in Dodging
  5732 | D:7      | Reached XP level 9. HP: 65/75 MP: 9/9
  5756 | D:7      | Reached skill level 9 in Fighting
  5829 | D:7      | Found a staircase to the Ecumenical Temple.
  5840 | Temple   | Entered the Ecumenical Temple
  5847 | Temple   | Became a worshipper of Gozag Ym Sagoz the Greedy
  7123 | D:8      | Noticed a red ugly thing
  7150 | D:8      | Killed a red ugly thing
  7150 | D:8      | Reached skill level 10 in Fighting
  7803 | D:8      | Noticed a two-headed ogre
  7821 | D:8      | Killed a two-headed ogre
  7821 | D:8      | Gained mutation: You have a pair of large horns on your
                  | head. [demonic ancestry]
  7821 | D:8      | Reached XP level 10. HP: 35/86 MP: 10/10
  7841 | D:8      | Noticed a two-headed ogre
  7894 | D:8      | Mangled by a two-headed ogre

Skill      XL: |  1  2  3  4  5  6  7  8  9 |
---------------+----------------------------+-----
Stealth        | 1 2 3 4 5 7 |  7.1
Dodging        | 1 2 3 4 5 6 |  6.5
Fighting       | 4 5 6 7 8 10 | 10.6
Long Blades    | |  1.7
Armour         | |  2.6
Shields        | |  2.6

Action                   |  1- 3 |  4- 6 |  7- 9 | 10-12 || total
-------------------------+-------+-------+-------+-------++-------
Melee: Long sword        |   113 |   175 |       |       ||   288
       Headbutt          |    14 |    42 |    70 |     5 ||   131
       Short sword       |       |    45 |   319 |    14 ||   378
       Unarmed           |       |       |     5 |       ||     5
Throw: Tomahawk          |       |       |     9 |     4 ||    13
  Use: Scroll            |       |     5 |    10 |       ||    15
       Potion            |       |     2 |     9 |       ||    11
 Stab: Distracted        |       |       |     2 |       ||     2
  Eat: Chunk             |       |     7 |     7 |       ||    14
       Ration            |       |     1 |     2 |       ||     3
Armor: Scale mail        |    71 |    64 |       |       ||   135
       Plate armour      |       |   120 |   154 |     4 ||   278
Dodge: Dodged            |    43 |    72 |    52 |     5 ||   172
Block: Shield            |    57 |   118 |   118 |     9 ||   302
       Rpst.: Long sword |    10 |    19 |       |       ||    29
